 Dungeon Crawl Stone Soup version 0.31.0-11-ge490571c62 (webtiles) character file.

Game seed: 15674517523731551328

171014 ChodeyFoster420 the Executioner (level 17, -8/131 HPs)
             Began as a Demonspawn Berserker on Jan 28, 2024.
             Was a High Priest of Trog.
             Mangled by Polyphemus (13 damage)
             ... on level 4 of the Shoals.
             The game lasted 01:51:51 (23451 turns).

ChodeyFoster420 the Executioner (DsBe)             Turns: 23451, Time: 01:51:52

Health: -8/131     AC: 36    Str: 24    XL:     17   Next: 38%
Magic:  17/17      EV:  8    Int:  8    God:    Trog [*****.]
Gold:   2093       SH:  4    Dex: 14    Spells: 16/16 levels left

rFire   . . .        P - +0 executioner's axe (heavy)
rCold   . . .        (shield currently unavailable)
rNeg    . . .        F - +10 plate armour of Beyond {Rampage}
rPois   .            (helmet unavailable)
rElec   .            N - +2 cloak
rCorr   .            h - +2 pair of gloves
SInv    +            k - +2 pair of boots
Will    +++..        G - amulet of regeneration Stlth
                     n - ring of see invisible
HPRegen 3.21/turn    f - ring of flight
MPRegen 0.15/turn

%: rampage
@: mighty, about to teleport, afraid, strong-willed, flying, regenerating,
studying Ranged Weapons
A: horns 3, large bone plates 1, powered by death 3, spiny 2
a: Renounce Religion, Berserk, Trog's Hand, Brothers in Arms


You were on level 4 of the Shoals.
You worshipped Trog.
Trog was extremely pleased with you.
You visited 5 branches of the dungeon, and saw 27 of its levels.
You also visited: Sewer, Ossuary and Ice Cave.

You collected 2713 gold pieces.
You spent 620 gold pieces at shops.

Inventory:

Hand Weapons
 j - a +2 executioner's axe of flaming
 p - the +2 Maxwell's thermic engine {flame, freeze, rev}
   (You found it on level 1 of the Shoals)
 K - a +7 antimagic executioner's axe
 P - a +0 heavy executioner's axe (weapon)
Missiles
 r - 4 throwing nets
 s - 35 boomerangs (quivered)
 u - 4 silver javelins
Armour
 h - a +2 pair of gloves (worn)
 k - a +2 pair of boots (worn)
 o - the +0 acid dragon scales of Rationality {Rampage rC+ rCorr Str+3 Dex+3}
   (You found it in a sewer)

   Str+3:     It affects your strength (+3).
   Dex+3:     It affects your dexterity (+3).
   rC+:       It protects you from cold.
   rCorr:     It protects you from acid and corrosion.
   Rampage:   It bestows one free step when moving towards enemies.
 F - the +10 plate armour of Beyond (worn) {Rampage}
   (You found it on level 9 of the Dungeon)

   Rampage:   It bestows one free step when moving towards enemies.
 N - a +2 cloak (worn)
Jewellery
 f - a ring of flight (right hand)
 n - a ring of see invisible (left hand)
 G - an amulet of regeneration (around neck)
 I - a ring of resist corrosion
 M - a ring of willpower
 R - the amulet of Paut {RegenMP rCorr}
   (You found it on level 4 of the Shoals)

   [amulet of magic regeneration]

   RegenMP:   It increases your rate of magic regeneration.
   rCorr:     It protects you from acid and corrosion.
Wands
 a - a wand of digging (6)
 e - a wand of paralysis (19)
 q - a wand of flame (90)
 w - a wand of quicksilver (5)
 y - a wand of mindburst (13)
 A - a wand of iceblast (20)
Scrolls
 b - 12 scrolls of identify
 l - 2 scrolls of fog
 C - 12 scrolls of fear
 L - 2 scrolls of teleportation
 O - 2 scrolls of revelation
 Q - 2 scrolls of blinking
Potions
 c - 9 potions of curing
 g - a potion of berserk rage
 m - a potion of magic
 t - a potion of cancellation
 v - 2 potions of haste
 x - 3 potions of enlightenment
 z - 3 potions of resistance
 B - 4 potions of invisibility
 E - a potion of ambrosia
 H - a potion of might
Miscellaneous
 i - a sack of spiders
 D - a phantom mirror
 S - a condenser vane


   Skills:
 - Level 11.1 Fighting
 + Level 22.9 Axes
 - Level 9.7 Throwing
 - Level 12.3 Armour
 - Level 1.7 Dodging
 - Level 1.1 Stealth
 - Level 1.0 Shields


You had 16 spell levels left.
You didn't know any spells.
Your spell library was empty.

Dungeon Overview and Level Annotations

Branches:
Dungeon (15/15)            Temple (1/1) D:7            Lair (5/5) D:10
 Shoals (4/4) Lair:3        Snake (0/4) Lair:3        Slime (0/5) Lair:5
    Orc (2/2) D:12            Elf (0/3) Orc:2        Vaults (0/5) D:13
 Depths (0/4) D:15          Sewer (visited)         Ossuary (visited)
  IceCv (visited)

Altars:
Ashenzari
Cheibriados
Dithmenos
Fedhas
Gozag
Hepliaklqana
Kikubaaqudgha
Makhleb
Nemelex Xobeh
Okawaru
Qazlal
Ru
Sif Muna
Trog
Uskayaw
Vehumet
Wu Jian
Xom
Yredelemnul
Lugonu

Shops:
D:7 *?   D:15 :   Orc:1 ?   Orc:2 *:!

Portals:
Abyss: D:15

Annotations:
Shoals:4 Polyphemus


Innate Abilities, Weirdness & Mutations

You have a pair of large horns on your head.
You are partially covered in large bone plates. (SH +4)
You regenerate a lot of health from kills.
You are mostly covered in sharp spines.


Message History

You block Polyphemus's attack.
The harpy moves out of view.
You feel better.
The death yak gores you but does no damage.
You block the death yak's attack. The catoblepas barely misses you.
Polyphemus hits you!
* * * LOW HITPOINT WARNING * * *
Polyphemus hits you but does no damage.
The satyr shoots an arrow.
The arrow hits you but does no damage.
A merfolk comes into view. It is wielding a +0 trident.
Okay, then.
As you read the scroll of teleportation, it crumbles to dust.
You feel strangely unstable.
You hear a haunting song.
A minotaur comes into view.
The death yak is struck by your spines. The death yak gores you.
* * * LOW HITPOINT WARNING * * *
The catoblepas gores you but does no damage.
The death yak gores you!
* * * LOW HITPOINT WARNING * * *
You block Polyphemus's attack. Polyphemus hits you.
* * * LOW HITPOINT WARNING * * *
You feel better. The death yak gores you.
* * * LOW HITPOINT WARNING * * *
The death yak gores you.
* * * LOW HITPOINT WARNING * * *
The catoblepas gores you!
* * * LOW HITPOINT WARNING * * *
The satyr plays a rousing melody on its pipes!
The fauns go into a battle-frenzy!
The snapping turtle bites you from afar.
* * * LOW HITPOINT WARNING * * *
You feel better.
The merfolk siren chants a haunting song.
You resist with almost no effort.
The death yak gores you but does no damage.
The death yak gores you!
* * * LOW HITPOINT WARNING * * *
Polyphemus is struck by your spines. Polyphemus hits you!
You die...
Polyphemus says, "You're nobody."

~... .##~ ..~
~~~ ... ~.
##.H###.##
.##...#....#
.......Hc~.##..
#.mHYCY..c...
#@.t.# ##Y'##
..8.. c~~~~~~
.?..... '[.#.[.
...#~~. ...#
.... .. ....


You could see Polyphemus, a minotaur, 2 death yaks, a catoblepas, 2 satyrs, a
snapping turtle, a faun (strong), a manticore, a merfolk siren and a harpy.

Vanquished Creatures
  Jorgrun (D:12)
  3 krakens
  Donald (Orc:2)
  A minotaur (Shoals:4)
  Azrael (D:15)
  A fire dragon (D:11)
  A merfolk javelineer (Shoals:3)
  3 merfolk impalers
  An ice dragon (Lair:5)
  2 rakshasas
  6 hydras
  A vault guard (D:13)
  4 merfolk avatars
  A dancing weapon (D:13)
  5 centaur warriors
  3 two-headed ogres
  4 boulder beetles
  17 death yaks
  A merfolk aquamancer (Shoals:2)
  5 satyrs (Shoals:4)
  A tengu warrior (D:9)
  A hell hog (Lair:5)
  7 orc high priests (Orc:2)
  Urug (Lair:5)
  2 occultists (D:15)
  3 skeletal warriors (D:13)
  6 skysharks
  A fire crab (Shoals:2)
  2 bog bodies (IceCv)
  5 sea snakes
  A swamp dragon (Lair:5)
  A necromancer (D:15)
  2 orc knights (Orc:1)
  18 harpies
  12 ugly things
  3 deep elf pyromancers
  5 orc sorcerers
  8 fauns
  8 cyclopes
  A cyclops (shapeshifter) (D:15)
  8 manticores
  21 elephants
  3 kobold blastminers
  3 water nymphs
  9 merfolk sirens
  An apocalypse crab (D:15)
  3 torpor snails
  A gargoyle (D:14)
  8 black mambas
  An ice statue (IceCv)
  12 cane toads
  11 komodo dragons
  2 unseen horrors
  2 freezing wraiths
  5 rime drakes
  An efreet (D:14)
  2 tengu conjurers
  8 trolls
  The ghost of LobsterGuardian the Conjurer, an amateur OnCj (D:4)
  20 merfolk
  2 raiju (Lair:5)
  4 wind drakes
  11 polar bears
  6 blink frogs
  8 hornets
  A harpy skeleton (D:15)
  5 snapping turtles
  10 dream sheep
  Sigmund (D:2)
  7 slime creatures
  2 shadows
  3 water elementals
  A vampire (D:13)
  3 fire bats (Shoals:2)
  7 wyverns
  4 fire elementals (D:15)
  A wraith (D:10)
  24 yaks
  A basilisk (shapeshifter) (D:9)
  Eustachio (D:5)
  15 wargs
  A death yak simulacrum (IceCv)
  A steam dragon (D:8)
  5 basilisks
  12 vampire mosquitoes
  Menkaure (D:5)
  5 acid dragons
  13 hell hounds (Lair:5)
  12 water moccasins
  18 orc warriors
  3 swamp drakes (Lair:5)
  20 black bears
  A sky beast (D:7)
  2 laughing skulls (D:14)
  26 wolves
  8 centaurs
  18 ogres
  4 kobold brigands
  6 bullfrogs
  An elf zombie (Ossuary)
  5 gnoll sergeants (D:8)
  8 two-headed ogre simulacra (IceCv)
  2 cane toad simulacra (IceCv)
  2 scorpions
  9 wights
  A burial acolyte (Ossuary)
  An elephant simulacrum (IceCv)
  6 killer bees (D:10)
  3 howler monkeys (D:9)
  2 electric eels (D:10)
  5 bombardier beetles
  4 centaur zombies
  A human zombie (Ossuary)
  3 quasits (D:3)
  11 hounds
  6 jellies
  25 orc priests
  5 gnoll boudas
  A boggart zombie (D:15)
  Ijyb (D:4)
  2 sleepcaps
  9 iguanas
  23 orc wizards
  2 spriggan simulacra (IceCv)
  7 troll simulacra (IceCv)
  4 polar bear simulacra (IceCv)
  4 wolf simulacra (IceCv)
  A crocodile zombie (Ossuary)
  2 hound zombies (Ossuary)
  The ghost of tymior the Gusty, a weakling TeAE (D:3)
  3 mummies (Ossuary)
  42 gnolls
  17 adders
  6 naga simulacra (IceCv)
  A river rat (D:5)
  A shadow imp (D:7)
  2 white imps (IceCv)
  9 ufetubi
  5 adder zombies (Ossuary)
  5 ribbon worms
  13 dart slugs
  72 orcs
  14 ball pythons
  5 endoplasms
  16 giant cockroaches
  2 hobgoblins
  15 jackals
  17 kobolds
  3 ball python zombies (Ossuary)
  5 bats
  16 frilled lizards
  3 gnoll zombies (Ossuary)
  8 goblins
  4 jackal zombies (Ossuary)
  5 kobold zombies (Ossuary)
  An orc zombie (Ossuary)
  10 rats
  5 tentacles
1007 creatures vanquished.

Vanquished Creatures (collateral kills)
  A tentacled monstrosity (D:15)
  The ghost of Qatuad the Blocker, an adept GnFi of Nemelex Xobeh (Shoals:3)
  Frances (Shoals:1)
  The ghost of Purphixowk the Carver, a journeyman DsGl of Makhleb (D:15)
  A very ugly thing (D:15)
  4 merfolk impalers (Shoals:3)
  A hydra (D:11)
  2 death knights (D:11)
  2 centaur warriors
  2 satyrs (Shoals:4)
  A tengu warrior (D:11)
  An occultist (D:15)
  A deep elf knight (D:15)
  3 arcanists (D:15)
  An orc knight (D:11)
  2 ugly things (D:11)
  A moth of wrath (Shoals:3)
  A faun (Shoals:4)
  4 merfolk (Shoals:3)
  2 hell hounds (D:15)
33 creatures vanquished.

Vanquished Creatures (others)
  2 orc wizards (Orc:2)
  A gnoll (D:8)
  A hobgoblin (D:3)
  2 quokkas
  8 tentacles
14 creatures vanquished.

Grand Total: 1054 creatures vanquished

Notes
Turn   | Place    | Note
-------+----------+-------------------------------------------
     0 | D:1      | ChodeyFoster420 the Demonspawn Berserker began the quest
                  | for the Orb.
     0 | D:1      | Reached XP level 1. HP: 18/18 MP: 1/1
    51 | D:1      | Reached skill level 3 in Axes
    59 | D:1      | Gained mutation: You have a pair of small horns on your
                  | head. [demonic ancestry]
    59 | D:1      | Reached XP level 2. HP: 11/24 MP: 2/2
   654 | D:2      | Reached XP level 3. HP: 20/29 MP: 3/3
   834 | D:2      | Reached skill level 4 in Axes
   911 | D:2      | Reached ** piety under Trog
  1148 | D:2      | Gained mutation: You have a pair of horns on your head.
                  | [demonic ancestry]
  1148 | D:2      | Reached XP level 4. HP: 26/35 MP: 4/4
  1195 | D:2      | Noticed Sigmund
  1204 | D:2      | Killed Sigmund
  1205 | D:2      | Reached skill level 5 in Axes
  1205 | D:2      | Gained mutation: You regenerate a little health from kills.
                  | [demonic ancestry]
  1205 | D:2      | Reached XP level 5. HP: 36/41 MP: 5/5
  1422 | D:3      | Found an ancient bone altar of Kikubaaqudgha.
  1425 | D:3      | Found a blossoming altar of Fedhas.
  1447 | D:3      | Found a shimmering altar of Xom.
  1482 | D:3      | Found a transporter.
  1491 | D:3      | Noticed tymior's ghost (weakling TeAE)
  1601 | D:3      | Found a transporter.
  1619 | D:3      | Noticed an ogre
  1622 | D:3      | Killed an ogre
  1623 | D:3      | Reached skill level 6 in Axes
  1623 | D:3      | Reached skill level 1 in Stealth
  1623 | D:3      | Reached skill level 1 in Shields
  1623 | D:3      | Gained mutation: You are partially covered in large bone
                  | plates. (SH +4) [demonic ancestry]
  1623 | D:3      | Reached XP level 6. HP: 47/47 MP: 6/6
  1771 | D:3      | Found a sparkling altar of Nemelex Xobeh.
  2120 | D:3      | Reached *** piety under Trog
  2285 | D:3      | Killed tymior's ghost
  2449 | D:4      | Reached skill level 7 in Axes
  2454 | D:4      | Reached XP level 7. HP: 52/52 MP: 7/7
  2474 | D:4      | Noticed Ijyb
  2484 | D:4      | Killed Ijyb
  2544 | D:4      | Found a transporter.
  2603 | D:4      | Noticed LobsterGuardian's ghost (amateur OnCj)
  2767 | D:4      | Reached skill level 8 in Axes
  2775 | D:4      | Identified the +4 sling of Defiance {drain, Stlth+}
  2855 | D:4      | Found a burning altar of Makhleb.
  2916 | D:4      | Found a hazy altar of Hepliaklqana.
  3011 | D:4      | Found a transporter.
  3029 | D:4      | Killed LobsterGuardian's ghost
  3030 | D:4      | Reached skill level 9 in Axes
  3030 | D:4      | Gained mutation: You are partially covered in sharp spines.
                  | [demonic ancestry]
  3030 | D:4      | Reached XP level 8. HP: 58/58 MP: 8/8
  3092 | D:5      | Entered Level 5 of the Dungeon
  3112 | D:5      | Noticed Eustachio
  3123 | D:5      | Killed Eustachio
  3166 | D:5      | Found a glowing drain.
  3179 | Sewer    | Entered a sewer
  3297 | Sewer    | Reached **** piety under Trog
  3426 | Sewer    | Reached skill level 10 in Axes
  3474 | Sewer    | Identified the +0 acid dragon scales of Rationality
                  | {Rampage rC+ rCorr Str+3 Dex+3}
  3712 | D:5      | Noticed Menkaure
  3718 | D:5      | Killed Menkaure
  4420 | D:6      | Reached skill level 11 in Axes
  4420 | D:6      | Reached XP level 9. HP: 63/63 MP: 9/9
  4854 | D:6      | Found a blossoming altar of Fedhas.
  4872 | D:6      | Found a shadowy altar of Dithmenos.
  5485 | D:7      | Found Vuunk's General Store.
  5486 | D:7      | Reached skill level 12 in Axes
  5488 | D:7      | Reached ***** piety under Trog
  5522 | D:7      | Bought a potion of heal wounds for 75 gold pieces
  5522 | D:7      | Bought a potion of might for 60 gold pieces
  5592 | D:7      | Received a gift from Trog
  5602 | D:7      | Found a sand-covered staircase.
  5617 | Ossuary  | Entered an ossuary
  5890 | D:7      | Found an iron altar of Okawaru.
  5935 | D:7      | Found Jibrufra's Magic Scroll Shoppe.
  5946 | D:7      | Bought a scroll of identify for 28 gold pieces
  6228 | D:7      | Found a stormy altar of Qazlal.
  6370 | D:7      | Found a staircase to the Ecumenical Temple.
  6375 | Temple   | Entered the Ecumenical Temple
  6421 | D:8      | Reached skill level 13 in Axes
  6473 | D:8      | Reached XP level 10. HP: 66/70 MP: 3/10
  6661 | D:8      | Found a hide-covered altar of Uskayaw.
  6873 | D:8      | Reached skill level 14 in Axes
  7659 | D:9      | Noticed a rakshasa
  7671 | D:9      | Noticed a tengu warrior
  7672 | D:9      | Killed a rakshasa
  7982 | D:9      | Reached skill level 15 in Axes
  8068 | D:9      | Found a shimmering blue altar of Sif Muna.
  8292 | D:9      | Killed a tengu warrior
  8293 | D:9      | Reached XP level 11. HP: 45/75 MP: 3/11
  8414 | D:9      | Identified the +10 plate armour of Beyond {Rampage}
  8459 | D:10     | Entered Level 10 of the Dungeon
  8535 | D:10     | Found a staircase to the Lair.
  8657 | D:10     | Found a broken altar of Ashenzari.
  8794 | D:10     | Reached skill level 16 in Axes
  9141 | D:10     | Noticed a white ugly thing
  9153 | D:10     | Killed a white ugly thing
  9341 | D:11     | Noticed a cyan ugly thing
  9356 | D:11     | Killed a cyan ugly thing
  9553 | D:11     | Noticed a two-headed ogre
  9558 | D:11     | Noticed a two-headed ogre
  9559 | D:11     | Killed a two-headed ogre
  9566 | D:11     | Killed a two-headed ogre
  9567 | D:11     | Reached skill level 17 in Axes
  9618 | D:11     | Reached ****** piety under Trog
  9624 | D:11     | Found a runed translucent door.
  9625 | D:11     | Noticed a white ugly thing
  9625 | D:11     | Noticed a fire dragon
  9658 | D:11     | Found a runed translucent door.
  9744 | D:11     | Noticed a tengu warrior
  9744 | D:11     | Noticed an orc knight
  9745 | D:11     | Noticed a seven-headed hydra
  9746 | D:11     | Noticed a death knight
  9746 | D:11     | Noticed a white ugly thing
  9747 | D:11     | Noticed a death knight
  9748 | D:11     | Noticed a cyan ugly thing
  9751 | D:11     | Killed a tengu warrior
  9753 | D:11     | Killed an orc knight
  9757 | D:11     | Killed a seven-headed hydra
  9761 | D:11     | Killed a death knight
  9762 | D:11     | Gained mutation: You have a pair of large horns on your
                  | head. [demonic ancestry]
  9762 | D:11     | Reached XP level 12. HP: 73/81 MP: 4/12
  9762 | D:11     | Noticed a centaur warrior
  9763 | D:11     | Killed a death knight
  9769 | D:11     | Reached skill level 18 in Axes
  9782 | D:11     | Killed a centaur warrior
  9818 | D:11     | Identified the staff of Vuzuc {rF+ Will+ Fire Earth}
  9819 | D:11     | Identified the +5 spear of Perversion {flame, Fly rElec rF-
                  | Dex+3}
  9829 | D:11     | Identified the +0 morningstar of Regicide {elec, Int+2
                  | Stlth+}
 10091 | D:11     | Killed a fire dragon
 10576 | D:12     | Identified the +4 war axe of Tuzuafal {flame, ^Fragile rF+
                  | Int+3 Dex+4}
 10691 | D:12     | Reached skill level 19 in Axes
 11030 | D:12     | Found a staircase to the Orcish Mines.
 11051 | D:12     | Reached skill level 1 in Throwing
 11101 | D:12     | Noticed Jorgrun
 11123 | D:12     | Killed Jorgrun
 11172 | D:12     | Noticed a two-headed ogre
 11177 | D:12     | Killed a two-headed ogre
 11486 | D:13     | Found a gate to the Vaults.
 11486 | D:13     | Noticed a vault guard
 11492 | D:13     | Killed a vault guard
 11493 | D:13     | Gained mutation: You regenerate health from kills. [demonic
                  | ancestry]
 11493 | D:13     | Reached XP level 13. HP: 89/89 MP: 13/13
 11744 | D:13     | Received a gift from Trog
 11759 | D:13     | Reached skill level 5 in Armour
 12186 | D:14     | Reached skill level 5 in Fighting
 12687 | D:14     | Found an iron altar of Okawaru.
 12794 | D:15     | Entered Level 15 of the Dungeon
 12821 | D:15     | Found Gox Yhuf's Tremendous Tomes.
 12867 | D:15     | Found a transporter.
 12868 | D:15     | Noticed a tentacled monstrosity
 12871 | D:15     | Noticed Azrael
 12887 | D:15     | Killed Azrael
 13224 | D:15     | Reached skill level 5 in Throwing
 13377 | D:15     | Found a transporter.
 13377 | D:15     | Found a one-way gate to the infinite horrors of the Abyss.
 13377 | D:15     | Noticed Purphixowk's ghost (journeyman DsGl)
 13390 | D:15     | Noticed a green very ugly thing
 13479 | D:15     | Paralysed by an orc sorcerer for 5 turns
 13531 | D:15     | Found a staircase to the Depths.
 13936 | D:15     | Killed a tentacled monstrosity
 13937 | D:15     | Gained mutation: You regenerate a lot of health from kills.
                  | [demonic ancestry]
 13937 | D:15     | Reached XP level 14. HP: 103/103 MP: 14/14
 13942 | D:15     | Killed a green very ugly thing
 13952 | D:15     | Killed Purphixowk's ghost
 13954 | D:15     | Received a gift from Trog
 14188 | Lair:1   | Entered Level 1 of the Lair of Beasts
 14905 | Lair:2   | Found an iron altar of Okawaru.
 15001 | Lair:2   | Reached skill level 10 in Armour
 15251 | Lair:2   | Identified the +2 scale mail "Gotsath" {Rampage *Slow
                  | Regen+ rCorr}
 15587 | Lair:3   | You are sucked into a shaft and drop 1 floor!
 15765 | Lair:3   | Found a staircase to the Snake Pit.
 15952 | Lair:3   | Found a staircase to the Shoals.
 16574 | Lair:4   | Gained mutation: You are mostly covered in sharp spines.
                  | [demonic ancestry]
 16574 | Lair:4   | Reached XP level 15. HP: 98/113 MP: 15/15
 16626 | Lair:4   | Received a gift from Trog
 17058 | Lair:5   | Entered Level 5 of the Lair of Beasts
 17181 | Lair:5   | Paralysed by a hornet for 1 turns
 17333 | Lair:5   | Noticed Urug
 17339 | Lair:5   | Killed Urug
 17452 | Lair:5   | Reached skill level 20 in Axes
 17546 | Lair:5   | Reached skill level 10 in Fighting
 17626 | Lair:5   | Received a gift from Trog
 17753 | Lair:5   | Found a staircase to the Slime Pits.
 17906 | Lair:5   | Found a shimmering altar of Xom.
 18498 | Orc:1    | Entered Level 1 of the Orcish Mines
 18641 | Orc:1    | Found Aserghiest's Magic Scroll Shop.
 18644 | Orc:1    | Bought a scroll of enchant armour for 97 gold pieces
 18779 | Orc:1    | Received a gift from Trog
 18960 | Orc:2    | Entered Level 2 of the Orcish Mines
 18997 | Orc:2    | Reached XP level 16. HP: 81/124 MP: 16/16
 19023 | Orc:2    | Found Xyidakiowe's Distillery.
 19047 | Orc:2    | Bought 2 potions of resistance for 240 gold pieces
 19047 | Orc:2    | Bought a potion of curing for 36 gold pieces
 19047 | Orc:2    | Bought a potion of might for 48 gold pieces
 19047 | Orc:2    | Bought a potion of curing for 36 gold pieces
 19091 | Orc:2    | Noticed Donald
 19111 | Orc:2    | Killed Donald
 19111 | Orc:2    | Received a gift from Trog
 19276 | Orc:2    | Found a frozen archway.
 19283 | IceCv    | Entered an ice cave
 19539 | IceCv    | Identified the +10 eveningstar "Wijeelai" {flame, Int+7}
 20087 | Orc:2    | Found Ybyvem's Book Shoppe.
 20094 | Orc:2    | Received a gift from Trog
 20113 | Orc:2    | Found Atiuh's General Store.
 20114 | Orc:2    | Paralysed by an orc sorcerer for 4 turns
 20119 | Orc:2    | Paralysed by an orc sorcerer for 5 turns
 20204 | Orc:2    | Found a staircase to the Elven Halls.
 20624 | Shoals:1 | Entered Level 1 of the Shoals
 21046 | Shoals:1 | Found the +2 Maxwell's thermic engine {flame, freeze, rev}
 21086 | Shoals:1 | Noticed Frances
 21092 | Shoals:1 | Killed Frances
 21093 | Shoals:1 | Reached skill level 21 in Axes
 21298 | Shoals:1 | Noticed a kraken
 21309 | Shoals:1 | Killed a kraken
 21524 | Shoals:2 | Received a gift from Trog
 22282 | Shoals:3 | Found a transporter.
 22282 | Shoals:3 | Found a transporter.
 22295 | Shoals:3 | Noticed Qatuad's ghost (adept GnFi)
 22312 | Shoals:3 | Found a bloodstained altar of Trog.
 22352 | Shoals:3 | Noticed a kraken
 22358 | Shoals:3 | Killed a kraken
 22464 | Shoals:3 | Reached skill level 22 in Axes
 22470 | Shoals:3 | Reached XP level 17. HP: 87/131 MP: 17/17
 22522 | Shoals:3 | Received a gift from Trog
 22969 | Shoals:3 | Killed Qatuad's ghost
 23001 | Shoals:3 | Identified the staff "Embalmer" {rN+ Will+ Necro}
 23036 | Shoals:4 | Entered Level 4 of the Shoals
 23292 | Shoals:4 | Noticed a kraken
 23298 | Shoals:4 | Killed a kraken
 23406 | Shoals:4 | Identified the amulet of Paut {RegenMP rCorr}
 23444 | Shoals:4 | Noticed Polyphemus
 23450 | Shoals:4 | HP: 6/131 [snapping turtle (2)]
 23451 | Shoals:4 | Mangled by Polyphemus

Illustrated notes

Levels and vault maps discovered:
D:1:      zaba_arrival_water, layout_basic
D:2:      minmay_recursive_quarters, layout_rooms, minmay_quadrilaterals,
          uniq_sigmund
D:3:      layout_loops_ring, xom_confusion_cloud, amcnicky_altar_gilded,
          nicolae_overflow_crystal_walls,
          grunt_temple_overflow_growth_and_decay, gammafunk_ghost_stat_death,
          roderic_roman_lattice
D:4:      layout_cave_pools, mainiacjoe_overflow_alcove_2, kennysheep_mini,
          gammafunk_ghost_smash, uniq_ijyb
D:5:      layout_loops_corners, portal_sewer_entry_b, uniq_menkaure,
          uniq_eustachio
D:6:      layout_basic, mainiacjoe_overflow_catwalk, minmay_ruined_shrine
D:7:      layout_basic, mainiacjoe_overflow_boulevard, general_overflow_altar,
          temple_statues, enter_ossuary_1, serial_shops, shop,
          nicolae_shop_tiny_waterfront, minivault_27
D:8:      layout_cave_pools, elyvilon_altar_4, eat_drink_and_be_merry_uskayaw,
          serial_gnoll_camp, gnoll_camp_huts_basic, gnoll_camp_mini_basic,
          gnoll_camp_medium_02, gnoll_camp_mini_house, gnoll_camp_mini_doghouse
D:9:      layout_cave_pods, lemuel_blue_sif_altar, minmay_diamond_spiral
D:10:     layout_rooms, mainiacjoe_overflow_24_doors, erik_lair_island,
          serial_rivers, chequers_serial_rivers_small_b,
          chequers_serial_rivers_micro_e, chequers_serial_rivers_small_b,
          chequers_serial_rivers_room_a, chequers_serial_rivers_room_b
D:11:     minmay_the_grid_triangle_9x9_rhombus_full_mashed
          [minmay_the_grid_triangle_9x9_negative_grid,
          minmay_the_grid_triangle_9x9_intruding_spiral,
          minmay_the_grid_triangle_9x9_tough_junction,
          minmay_the_grid_triangle_9x9_flanged_cone,
          minmay_the_grid_triangle_9x9_longest,
          minmay_the_grid_triangle_9x9_descending_squares,
          minmay_the_grid_triangle_9x9_cache,
          minmay_the_grid_triangle_9x9_prize_insulated], layout_stronghold,
          serial_column_ruins, column_ruins_corridor_straight,
          column_ruins_corridor_straight, column_ruins_columns_straight,
          column_ruins_grid_1, column_ruins_open_tiny
D:12:     layout_basic, kennysheep_orc_monster_closet_entryway, uniq_jorgrun
D:13:     layout_long_grid, erik_vaults_1
D:14:     layout_gridville, okawaru_ov_weapons_minmay
D:15:     grunt_enter_depths_magical_seal, layout_long_grid,
          gammafunk_ghost_abyssal_escape, serial_park_avenue1,
          nicolae_shop_i_like_big_books, nicolae_tso_swordbearing_angel,
          uniq_azrael
Temple:   corrupted_temple
Lair:1:   layout_cave_shapes, beast_lair_carwin_1, grunt_megastairs_4
Lair:2:   layout_gridlike, basic_altar, lemuel_fruit_tree
Lair:3:   layout_regular_city, elwin_shoals_entry_rocks, dummy_snake_entry,
          chequers_serial_rivers_micro_d
Lair:4:   nzn_winding_woodlands_cross [nzn_winding_woodlands_5x15_default,
          nzn_winding_woodlands_5x15_split_checker,
          nzn_winding_woodlands_5x15_sawtooth,
          nzn_winding_woodlands_5x15_parted,
          nzn_winding_woodlands_15x15_boxy_spiral], layout_loops_ring,
          lemuel_old_faithful, serial_bayou_shore_a
Lair:5:   guppyfry_lair_end_dragon, layout_regular_city,
          hangedman_lair_caniforms_friends, nicolae_slime_entry_field_trip,
          basic_altar, dreamdust_wasp_nest, uniq_urug
Shoals:1: layout_shoals, hangedman_shoals_cup_caves, uniq_frances
Shoals:2: layout_shoals, hangedman_shoal_volcano
Shoals:3: layout_shoals, gammafunk_ghost_wrathful_warriors,
          nicolae_shoals_kraken_intersection
Shoals:4: shoals_end_hellmonk_lost_city, serial_shops, uniq_polyphemus
Orc:1:    layout_diamond_mine, serial_shops, nicolae_shop_real_fake_doors,
          guppyfry_library_mini
Orc:2:    st_orc_town, layout_caves, portal_ice_cave_entry_pillars_1,
          blackcustard_rock_pile, uniq_donald

Skill      XL: |  1  2  3  4  5  6  7  8  9 10 11 12 13 14 15 16 |
---------------+-------------------------------------------------+-----
Axes           | 3 4 5 6 7 9 11 13 15 17 19 20 22 | 22.9
Stealth        | 1 |  1.1
Shields        | 1 |  1.0
Armour         | 4 8 10 12 | 12.3
Throwing       | 2 5 7 9 |  9.7
Fighting       | 4 7 9 10 11 | 11.1
Dodging        | |  1.7

Action                     |  1- 3 |  4- 6 |  7- 9 | 10-12 | 13-15 | 16-18 || total
---------------------------+-------+-------+-------+-------+-------+-------++-------
  Melee: Hand axe          |   112 |   117 |   214 |       |       |       ||   443
         Headbutt          |    21 |    12 |    74 |    87 |   285 |    81 ||   560
         Battleaxe         |       |       |    73 |   329 |       |       ||   402
         War axe           |       |       |    30 |    71 |   987 |    60 ||  1148
         Punch             |       |       |       |       |     9 |     1 ||    10
         Executioner's axe |       |       |       |       |       |   402 ||   402
  Throw: Javelin           |       |       |       |     2 |       |       ||     2
         Boomerang         |       |       |       |       |    28 |    17 ||    45
 Invoke: Berserk           |     2 |     3 |     1 |     8 |     5 |     4 ||    23
         Trog's Hand       |       |       |     1 |     5 |     1 |     6 ||    13
         Brothers in Arms  |       |       |       |     3 |     2 |     6 ||    11
  Evoke: Wand              |       |       |       |     2 |       |       ||     2
    Use: Scroll            |       |    12 |    10 |    13 |     8 |     4 ||    47
         Potion            |       |       |       |     7 |       |    13 ||    20
   Stab: Sleeping          |       |     1 |    10 |     2 |       |       ||    13
         Distracted        |       |       |     3 |       |     1 |     1 ||     5
 Armour: Animal skin       |    57 |    32 |       |       |       |       ||    89
         Ring mail         |       |    58 |    54 |       |       |       ||   112
         Acid dragon scale |       |       |    69 |   138 |       |       ||   207
         Plate armour      |       |       |       |   210 |   915 |   703 ||  1828
  Dodge: Dodged            |    54 |    67 |    95 |   169 |   246 |   193 ||   824
  Block: Buckler           |     5 |    66 |    78 |       |       |       ||   149
         Other             |       |       |    12 |    69 |   128 |   105 ||   314
